 Dungeon Crawl Stone Soup version 0.27-a0-1202-ge72e49191c (webtiles) character file.

Game seed: 8689565735334868556

39 polve the Skirmisher (level 3, -2/29 HPs)
             Began as a Demonspawn Abyssal Knight on June 2, 2021.
             Was a Follower of Lugonu.
             Slain by an iguana (6 damage)
             ... on level 1 of the Dungeon.
             The game lasted 00:01:51 (2077 turns).

polve the Skirmisher (Demonspawn Abyssal Knight)    Turns: 2077, Time: 00:01:52

Health: -2/29      AC:  8    Str: 12    XL:     3   Next: 28%
Magic:  4/4        EV:  2    Int: 14    God:    Lugonu [*.....]
Gold:   20         SH:  9    Dex: 12    Spells: 2/2 levels left

rFire    . . .     SeeInvis .   a - +1 short sword
rCold    . . .     Faith    .   d - +2 kite shield
rNeg     . . .     Spirit   .   f - +0 chain mail
rPois    +         Reflect  .   (no helmet)
rElec    .         Harm     .   (no cloak)
rCorr    .         Rampage  .   (no gloves)
Will     .....                  (no boots)
Stlth    ..........             g - amulet of the acrobat
HPRegen  0.09/turn              c - ring of poison resistance
MPRegen  0.18/turn              (no ring)

@: no status effects
A: magic regeneration
a: Renounce Religion, Depart the Abyss


You were on level 1 of the Dungeon.
You worshipped Lugonu.
Lugonu was aware of your devotion.
You visited 1 branch of the dungeon, and saw 2 of its levels.
You visited the Abyss 1 time.

You collected 20 gold pieces.

Inventory:

Hand Weapons
 a - a +1 short sword (weapon)
Armour
 b - a +0 leather armour
 d - a +2 kite shield (worn)
 f - a +0 chain mail (worn)
Jewellery
 c - a ring of poison resistance (left hand)
 g - an amulet of the acrobat (around neck)
 h - a ring of fire
Scrolls
 e - a scroll of vulnerability {unknown}
 i - a scroll of blinking {unknown}


   Skills:
 - Level 3.0 Fighting
 + Level 2.8 Short Blades
 - Level 1.7 Armour
 - Level 0.8 Dodging
 + Level 1.6 Shields
 - Level 2.4 Invocations


You had 2 spell levels left.
You didn't know any spells.
Your spell library was empty.

Dungeon Overview and Level Annotations

Branches:
Dungeon (2/15)

Altars:

Annotations:
D:2 Robin


Innate Abilities, Weirdness & Mutations

You regenerate magic rapidly.


Message History

The goblin shoots a stone.
The stone misses you.
There is a stone staircase leading up here.
The goblin hits you but does no damage.
You climb upwards.
There is a stone staircase leading down here.
You completely miss the goblin. You block the goblin's attack.
You hit the goblin.
You kill the goblin!
Lugonu accepts your kill.
HP restored.
Done exploring.
You climb downwards.
Level annotation: Robin The iguana bites you.
The goblin shoots a stone.
You block the stone. The iguana bites you.
There is a stone staircase leading up here.
The goblin shoots a stone.
The stone hits you but does no damage.
Robin roars a battlecry!
The goblins go into a battle-frenzy!
The iguana bites you.
You climb upwards.
There is a stone staircase leading down here.
You hit the iguana but do no damage. The iguana bites you.
Your chain mail prevents you from hitting the iguana.
The iguana bites you but does no damage.
You closely miss the iguana. The iguana barely misses you.
You hit the iguana.
The iguana is lightly wounded.
You block the iguana's attack. x2
You closely miss the iguana.
The iguana is lightly wounded.
The iguana bites you.
You hit the iguana but do no damage.
The iguana is lightly wounded.
The iguana bites you!
* * * LOW HITPOINT WARNING * * *
You closely miss the iguana.
The iguana is lightly wounded.
The iguana bites you.
You die...

### #.#
################.#
#................#
#.#####..#########
####.#...#..#
...#...(>#..#########
...###.###.....l@...#
...#........#.#####.#
..........>.#.#...#.#
...#.#(...).#.##....#
####†#..........#.###
#.#.....##.#.#.#
#.##....##.#.#.#
#.......##.#...#
#######)...##.#####


You could see an iguana.

Vanquished Creatures
  4 ball pythons
  A bat (D:1)
  3 endoplasms (D:1)
  A giant cockroach (D:1)
  5 goblins
  9 hobgoblins
  3 jackals (D:1)
  3 quokkas (D:1)
29 creatures vanquished.

Notes
Turn   | Place    | Note
-------+----------+-------------------------------------------
     0 | Abyss:1  | polve the Demonspawn Abyssal Knight began the quest for the
                  | Orb.
     0 | Abyss:1  | Reached XP level 1. HP: 18/18 MP: 2/2
   136 | D:1      | Escaped the Abyss
   846 | D:1      | Gained mutation: You regenerate magic rapidly. [demonic
                  | ancestry]
   846 | D:1      | Reached XP level 2. HP: 23/24 MP: 3/3
  1015 | D:1      | Reached skill level 1 in Shields
  1629 | D:1      | Reached * piety under Lugonu
  1713 | D:2      | Noticed Robin
  1720 | D:2      | Reached XP level 3. HP: 25/29 MP: 4/4
  2077 | D:1      | Slain by an iguana

Illustrated notes

Levels and vault maps discovered:
D:1:      minmay_arrival_four_circles, layout_basic
D:2:      layout_loops_cross, hellmonk_ecumenical_altar_lost_god, serial_shops,
          nicolae_shop_stone, uniq_robin

Skill      XL: |  1  2 |
---------------+-------+-----
Short Blades   | 2 |  2.8
Shields        | 1 |  1.6
Fighting       | |  3.0
Armour         | |  1.7
Dodging        | |  0.8
Invocations    | |  2.4

Action                   || total
-------------------------++-------
Melee: Short sword       ||   136
Invok: Depart the Abyss  ||     1
Armor: Chain mail        ||    89
       Leather armour    ||     9
Dodge: Dodged            ||    42
Block: Kite shield       ||    84

Table legend: (Time is in decaauts)
 A = Elapsed time spent in this place.
 B = Non-inter-level travel time spent in this place.
 C = Inter-level travel time spent in this place.
 D = Time resting spent in this place.
 E = Time spent auto-exploring this place.
 F = Levels seen in this place.
 G = Mean time per level.
                   A        B        C        D        E       F      G
               +--------+--------+--------+--------+--------+-----+--------+
         Total |   2112 |   2105 |      7 |      0 |   1759 |   3 |  704.0 |
       Dungeon |   1974 |   1967 |      7 |      0 |   1681 |   2 |  987.0 |
         Abyss |    138 |    138 |      0 |      0 |     78 |   1 |  138.0 |
               +--------+--------+--------+--------+--------+-----+--------+

Top non-repeatable levels by time:
     D:1: 1875 daAuts
 Abyss:1: 138 daAuts
     D:2: 98 daAuts
